 Dungeon Crawl Stone Soup version 0.17-a0-1399-gd5b76e1 (webtiles) character file.

1756 nuthulu the Fighter (level 8, -5/79 HPs)
             Began as a Minotaur Fighter on June 18, 2015.
             Succumbed to poison (a potion of poison)
             ... on level 6 of the Dungeon.
             The game lasted 00:14:11 (5340 turns).

nuthulu the Fighter (Minotaur Fighter)              Turns: 5340, Time: 00:14:11

Health: -5/79      AC:  8    Str: 23    XL:     8   Next: 78%
Magic:  7/7        EV:  9    Int:  5    God:
Gold:   295        SH:  0    Dex: 14    Spells: 0 memorised, 7 levels left

rFire  x . .     SeeInvis .     v - +2 flail "Transmigrator" {holy, rF- MR+ Dex+4}
rCold  . . .     Clarity  .     b - +0 scale mail
rNeg   + . .     SustAt   .     (no shield)
rPois  .         Gourm    .     (helmet restricted)
rElec  .         Spirit   .     (no cloak)
rCorr  .         Warding  .     i - +0 pair of gloves
rMut   .         Stasis   .     (no boots)
MR     +....                    (no amulet)
Stlth  ..........               (no ring)
                                m - ring of positive energy

@: lethally poisoned (-5 -> -88), somewhat resistant to hostile enchantments,
extremely unstealthy
A: retaliatory headbutt, horns 2
a: no special abilities


You were on level 6 of the Dungeon.
You were not hungry.

You visited 1 branch of the dungeon, and saw 6 of its levels.

You collected 295 gold pieces.

Inventory:

Hand weapons
 a - a +2 war axe
 v - the +2 flail "Transmigrator" (weapon) {holy, rF- MR+ Dex+4}
   (You found it on level 5 of the Dungeon)

   It has been blessed by the Shining One to cause great damage to the undead
   and demons.
   It affects your dexterity (+4).
   It makes you vulnerable to fire.
   It affects your resistance to hostile enchantments.
Armour
 b - a +0 scale mail (worn)
 i - a +0 pair of gloves (worn)
Jewellery
 m - a ring of positive energy (left hand)
 r - an uncursed ring of magical power {unknown}
Magical devices
 d - a wand of slowing (23)
Scrolls
 o - a scroll of remove curse
 p - a scroll of blinking
 t - a scroll of fear
Potions
 j - 2 potions of magic
 k - 2 potions of flight
 n - a potion of cancellation
Comestibles
 e - 5 bread rations
 f - a meat ration
 g - 10 fruits
 h - 2 beef jerkies
 q - a slice of pizza


   Skills:
 * Level 10.3 Fighting
 * Level 9.7 Axes
 - Level 3.6 Armour
   Level 3.6 Shields


You had 7 spell levels left.
You didn't know any spells.

Dungeon Overview and Level Annotations

Branches:
Dungeon (6/15)             Temple (0/1) D:6

Altars:
Ashenzari
Xom

Annotations:
D:6 bal's ghost, experienced VSMo


Innate Abilities, Weirdness & Mutations

You reflexively headbutt those who attack you in melee.
You have a pair of horns on your head.


Message History

* * * LOW HITPOINT WARNING * * *
You are more poisoned.
You barely miss bal's ghost. Your headbutt misses bal's ghost.
Bal's ghost is heavily damaged.
* * * LOW HITPOINT WARNING * * *
You feel very sick. Bal's ghost hits you.
* * * LOW HITPOINT WARNING * * *
Unknown command.
You miss bal's ghost. Your headbutt misses bal's ghost.
Bal's ghost is heavily damaged.
* * * LOW HITPOINT WARNING * * *
You feel very sick.
Bal's ghost hits you but does no damage.
Unknown command.
Unknown command.
Drink which item? (? for menu, Esc to quit)
It was a potion of poison.
That liquid tasted very nasty...
You are more poisoned.
You die...

#.....##≈≈≈≈≈≈≈##..........
. #≈≈≈≈≈≈≈#...........
..##≈≈≈≈≈##........###
...#######........##
.................##
.................#
.................#
.................#
...........@##....#
..........W## ##..#
...........#####..#
..................#
..................#
..................#
..................
...##............ ..
##<..........


You could see bal's ghost.

Vanquished Creatures
  The ghost of bal the Sneak, an average VSMo of Makhleb (D:5)
  Eustachio (D:4)
  Menkaure (D:4)
  7 scorpions
  2 crimson imps
  A gnoll shaman (D:6)
  A giant frog skeleton (D:5)
  4 orc priests (D:5)
  6 orc wizards
  Ijyb (D:2)
  Terence (D:2)
  A centaur skeleton (D:4)
  3 hounds
  Natasha (twice) (D:2)
  3 worker ants
  A mummy (D:6)
  10 adders
  3 gnolls (D:6)
  A shadow imp (D:3)
  An adder skeleton (D:5)
  5 worms
  A giant gecko (D:5)
  16 orcs
  A ball python (D:3)
  16 bats
  A bat skeleton (D:4)
  6 giant cockroaches
  7 goblins
  14 hobgoblins
  14 jackals
  5 kobolds
  A giant gecko skeleton (D:4)
  5 giant newts
  A goblin zombie (D:6)
  An orc zombie (D:6)
  2 quokkas (D:3)
  3 rats
150 creatures vanquished.

Vanquished Creatures (others)
  A fungus (D:5)
1 creature vanquished.

Grand Total: 151 creatures vanquished

Notes
Turn   | Place    | Note
--------------------------------------------------------------
     0 | D:1      | nuthulu the Minotaur Fighter began the quest for the Orb.
     0 | D:1      | Reached XP level 1. HP: 19/19 MP: 0/0
   228 | D:1      | Reached skill level 4 in Fighting
   432 | D:1      | Reached XP level 2. HP: 22/27 MP: 1/1
   844 | D:1      | Reached XP level 3. HP: 34/34 MP: 2/2
  1196 | D:2      | Noticed Terence
  1210 | D:2      | Killed Terence
  1210 | D:2      | Reached skill level 5 in Fighting
  1210 | D:2      | Reached XP level 4. HP: 40/42 MP: 3/3
  1373 | D:2      | Noticed Natasha
  1373 | D:2      | Noticed Ijyb
  1375 | D:2      | Killed Natasha
  1382 | D:2      | Killed Ijyb
  1382 | D:2      | Reached XP level 5. HP: 44/48 MP: 4/4
  1587 | D:2      | Noticed Natasha
  1591 | D:2      | Killed Natasha
  1753 | D:3      | Reached skill level 5 in Axes
  2041 | D:3      | Reached skill level 6 in Fighting
  2286 | D:4      | Reached XP level 6. HP: 54/58 MP: 5/5
  2474 | D:4      | Found a shimmering altar of Xom.
  2545 | D:4      | Noticed Menkaure
  2555 | D:4      | Killed Menkaure
  2555 | D:4      | Reached skill level 7 in Fighting
  2939 | D:4      | Noticed Eustachio
  2951 | D:4      | Killed Eustachio
  2951 | D:4      | Reached XP level 7. HP: 31/67 MP: 6/6
  3300 | D:5      | Entered Level 5 of the Dungeon
  3317 | D:5      | Reached skill level 8 in Fighting
  3508 | D:5      | Got a warped flail
  3796 | D:5      | Found a shattered altar of Ashenzari.
  3875 | D:5      | Reached XP level 8. HP: 46/75 MP: 7/7
  3966 | D:5      | Reached skill level 9 in Fighting
  4588 | D:5      | Noticed bal's ghost (average VSMo)
  4602 | D:5      | Killed bal's ghost
  4886 | D:6      | Found a staircase to the Ecumenical Temple.
  4907 | D:6      | Reached skill level 10 in Fighting
  5007 | D:6      | Found a sand-covered staircase.
  5289 | D:6      | Noticed bal's ghost (experienced VSMo)
  5335 | D:6      | Identified the +2 flail "Transmigrator" {holy, rF- MR+ Dex+4} (You found it on level 5 of the Dungeon)
  5339 | D:6      | HP: 1/79 [poisoned by bal's ghost]
  5340 | D:6      | Succumbed to poison (a potion of poison)

Vault maps used:
D:1:      nagdon_arrival_double_spiral
D:2:      uniq_natasha, uniq_iyjb, uniq_terence
D:3:      forest_paths, grunt_temple_overflow_open,
          hangedman_abyss_or_decor_lesser_grid
D:4:      overflow_temple_1_default, first_bread,
          hangedman_abyss_or_decor_stabs, corner_web_ring, uniq_eustachio,
          uniq_menkaure
D:5:      old_forge, gup_sewer_entry_spiral, nicolae_ashenzari_panopticon
D:6:      minmay_temple_entry_grid, nicolae_ossuary_entry_giza, st_stairs_14,
          nicolae_underground_beach

Action                   |  1- 3 |  4- 6 |  7- 9 || total
-------------------------+-------+-------+-------++-------
Melee: War axe           |    72 |    98 |   192 ||   362
       Flail             |       |       |     3 ||     3
  Use: Scroll            |     5 |     4 |     6 ||    15
       Potion            |     1 |       |     6 ||     7
  Eat: Chunk             |     1 |     6 |     6 ||    13
       Royal jelly       |       |       |     1 ||     1
